 Dungeon Crawl Stone Soup version 0.25.1-2-g60ff931df9 (webtiles) character file.

Game seed: 9801993787238090201

51 Impeuri the Grave Robber (level 3, -7/28 HPs)
             Began as a Deep Dwarf Necromancer on Aug 21, 2020.
             Mangled by a gnoll (8 damage)
             ... on level 1 of the Dungeon.
             The game lasted 00:02:51 (1453 turns).

Impeuri the Grave Robber (Deep Dwarf Necromancer)   Turns: 1453, Time: 00:02:53

Health: -7/28      AC:  2    Str:  8 (11) XL:     3   Next: 57%
Magic:  6/6        EV: 12    Int: 14 (16) God:
Gold:   57         SH:  0    Dex: 11 (13) Spells: 1/6 levels left

rFire    . . .     SeeInvis .   f - +0 short sword
rCold    . . .     Gourm    .   (no shield)
rNeg     . . .     Faith    .   a - +0 robe
rPois    .         Spirit   .   (no helmet)
rElec    .         Reflect  .   (no cloak)
rCorr    .         Harm     .   (no gloves)
MR       .....                  (no boots)
Stlth    ++........             (no amulet)
HPRegen  0.00/turn              (no ring)
MPRegen  0.10/turn              (no ring)

@: non-regenerating
A: damage resistance, heal wounds, sense surroundings 1, no regeneration
a: Heal Wounds


You were on level 1 of the Dungeon.
You were near starving.

You visited 1 branch of the dungeon, and saw 2 of its levels.

You collected 57 gold pieces.

Inventory:

Hand Weapons
 b - a +0 dagger
 f - a +0 short sword (weapon)
Armour
 a - a +0 robe (worn)
Jewellery
 d - an uncursed amulet of regeneration {unknown}
Scrolls
 e - a scroll of teleportation {unknown}
 h - a scroll of identify {unknown}
 i - a scroll of remove curse {unknown}
Potions
 j - a potion of mutation {unknown}
Comestibles
 c - a ration


   Skills:
 - Level 2.1 Dodging
 - Level 2.4 Stealth
 + Level 2.3 Spellcasting
 * Level 5.4 Necromancy


You had one spell level left.
You knew the following spells:

 Your Spells              Type           Power        Failure   Level  Hunger
a - Pain                  Necr           ###.         2%          1    #......
b - Animate Skeleton      Necr           N/A          2%          1    #......
c - Vampiric Draining     Necr           ###.......   8%          3    ###....

Your spell library contained the following spells:

 Spells                   Type           Power        Failure   Level  Hunger
 Animate Dead             Necr           N/A          24%         4    #####..
 Agony                    Necr           ###.....     56%         5    ######.


Dungeon Overview and Level Annotations

Branches:
Dungeon (2/15)

Altars:


Innate Abilities, Weirdness & Mutations

You are resistant to damage.
You can heal yourself by infusing magical energy.
You passively map a small area around you.
You do not regenerate.


Message History

The gnoll hits you with a +0 spear! The gnoll hits you.
* * * LOW HITPOINT WARNING * * *
The gnoll closely misses you.
You climb upwards.
There is a stone staircase leading down here.
Casting: Vampiric Draining (quite dangerous; 6% risk of failure)
Confirm with . or Enter, or press ? or * to list all spells.
The spell is quite dangerous to cast (6% risk of failure)!
Continue anyway? [Y]es or [N]o only, please.
The spell is quite dangerous to cast (6% risk of failure)!
Continue anyway? [Y]es or [N]o only, please.
The spell is quite dangerous to cast (6% risk of failure)!
Continue anyway?
Okay, then.
It was a potion of degeneration.
There was something very wrong with that liquid.
You feel weakened.
You feel dopey.
You feel clumsy. The gnoll closely misses you. The gnoll hits you.
* * * LOW HITPOINT WARNING * * *
The gnoll hits you!
You die...

...............#.#########.#..#.#
##############.#.#### #.#..#.#
#.................# #.#..#.#
#.######.......##.# #.#..#.# #.#
#.##....##.# #.#..#.# #.#
#.##....##.# #.#..#.# ###.#
#.##....##.# #.####.# ....#
#.##..gg##.# #.# #.#
##########.##...@##.######.# #.#
PPPPPPPPP#.##..#g##........# #.#
PPPPPPPPP#.##..#.########### #.#
....PPPPP#.##..#.# #.#
PPPP..PPP#.#...#.# #.#
...PPP.PP#.#####.# #.#
PPP.PP.PP#.......# #.#
P.PP.PP.P######### #####.#
.P.PP.P.P# #......


You could see 3 gnolls.

Vanquished Creatures
  2 gnolls
  3 dart slugs (D:1)
  2 bats (D:1)
  3 goblins (D:1)
  4 hobgoblins (D:1)
  6 kobolds
  A ball python (D:1)
  2 frilled lizards (D:1)
  3 rats (D:1)
26 creatures vanquished.

Notes
Turn   | Place    | Note
-------+----------+-------------------------------------------
     0 | D:1      | Impeuri the Deep Dwarf Necromancer began the quest for the
                  | Orb.
     0 | D:1      | Reached XP level 1. HP: 15/15 MP: 3/3
   326 | D:1      | Reached XP level 2. HP: 13/22 MP: 1/5
   406 | D:1      | Learned a level 1 spell: Animate Skeleton
   647 | D:1      | Reached skill level 5 in Necromancy
   930 | D:1      | Reached XP level 3. HP: 9/28 MP: 0/6
   989 | D:1      | Learned a level 3 spell: Vampiric Draining
  1453 | D:1      | HP: 1/28 [gnoll (3)]
  1453 | D:1      | Mangled by a gnoll

Illustrated notes

Levels and vault maps discovered:
D:1:      roderic_crop_circles_arrival_small, layout_basic
D:2:      layout_loops_corners, first_ration, uniq_jessica

Skill      XL: |  1  2 |
---------------+-------+-----
Spellcasting   | 2 |  2.3
Necromancy     | 5 |  5.4
Dodging        | |  2.1
Stealth        | |  2.4

Action                   || total
-------------------------++-------
Melee: Dagger            ||    10
       Short sword       ||    26
 Cast: Pain              ||    24
       Animate Skeleton  ||     2
       Vampiric Draining ||     5
  Use: Potion            ||     1
 Stab: Sleeping          ||     2
  Eat: Chunk             ||     1
Armor: Robe              ||    12
Dodge: Dodged            ||    28
